 Dungeon Crawl Stone Soup version 0.30-a0-840-ga523dec638 (webtiles) character file.

Game seed: 957890374026100884

555 Dittersdorf the Covered (level 7, -1/44 HPs)
             Began as a Gargoyle Fighter on Mar 1, 2023.
             Slain by a mummy (5 damage)
             ... in an ossuary.
             The game lasted 00:03:44 (2945 turns).

Dittersdorf the Covered (Gargoyle Fighter)          Turns: 2945, Time: 00:03:45

Health: -1/44      AC: 15    Str: 22    XL:     7   Next: 30%
Magic:  7/7        EV:  7    Int:  8    God:
Gold:   169        SH:  4    Dex:  9    Spells: 6/6 levels left

rFire   . . .      SeeInvis .    a - +1 flail
rCold   . . .      Faith    .    c - +0 buckler
rNeg    + + .      Spirit   .    n - +0 chain mail
rPois   ∞          Reflect  .    m - +0 helmet
rElec   +          Harm     .    (no cloak)
rCorr   .          Rampage  .    (no gloves)
Will    .....                    (no boots) Stlth
                                 (no amulet)
HPRegen 0.27/turn                p - ring of flight
MPRegen 0.10/turn                u - ring of positive energy

@: on berserk cooldown, flying
A: sickness immunity, AC +4, negative energy resistance 1, electricity
resistance, torment resistance 1, petrification resistance
a: no special abilities


You were in an ossuary.
You visited 1 branch of the dungeon, and saw 4 of its levels.
You also visited: Ossuary.

You collected 169 gold pieces.

Inventory:

Hand Weapons
 a - a +1 flail (weapon)
Armour
 c - a +0 buckler (worn)
 m - a +0 helmet (worn)
 n - a +0 chain mail (worn)
Jewellery
 p - a ring of flight (left hand)
 u - a ring of positive energy (right hand)
Scrolls
 g - a scroll of blinking
Potions
 d - 2 potions of might
 e - a potion of flight
 f - a potion of berserk rage
 i - 2 potions of curing {unknown}
 k - a potion of lignification {unknown}
 o - a potion of heal wounds
 q - 2 potions of magic
 t - a potion of brilliance


   Skills:
 + Level 5.2 Fighting
 + Level 4.2 Maces & Flails
 + Level 5.2 Armour
 + Level 5.2 Shields


You had 6 spell levels left.
You didn't know any spells.
Your spell library contained the following spells:

 Spells                   Type           Power      Damage    Failure   Level
 Beastly Appendage        Tmut           0%         N/A       99%         1
 Wereblood                Tmut           0%         N/A       100%        2
 Spider Form              Tmut/Pois      0%         N/A       100%        3


Dungeon Overview and Level Annotations

Branches:
Dungeon (4/15)            Ossuary (1/1)
 Temple: D:4-7

Altars:
Qazlal

Shops:
D:1 (:


Innate Abilities, Weirdness & Mutations

You are immune to sickness and miasma.
Your stone body is resilient. (AC +4)
You are immune to poison.
You resist negative energy. (rN+)
You are resistant to electric shocks. (rElec)
You are resistant to unholy torment.
You are immune to petrification.


Message History

You block the adder zombie's attack.
The adder zombie bites you but does no damage.
You barely miss the adder zombie.
The adder zombie is heavily damaged.
The adder zombie bites you but does no damage.
You sock the mummy!
The mummy is heavily damaged.
You hit the mummy.
The mummy is severely damaged.
The mummy hits you.
* * * LOW HITPOINT WARNING * * *
The adder zombie bites you but does no damage.
The adder zombie bites you.
* * * LOW HITPOINT WARNING * * *
The mummy barely misses you.
There is an open door here.
You sock the mummy!
The mummy is severely damaged.
You feel yourself speed up.
The adder zombie bites you but does no damage.
The mummy hits you.
* * * LOW HITPOINT WARNING * * *
The adder zombie bites you but does no damage.
The mummy hits you but does no damage.
You see here 20 gold pieces.
You thump the adder zombie!
You destroy the adder zombie!
The mummy hits you but does no damage.
You hit the mummy.
The mummy is severely damaged.
The elf zombie hits you but does no damage.
The mummy hits you but does no damage.
You sock the mummy!
You destroy the mummy!
You hit the mummy.
The mummy is almost destroyed.
You barely miss the mummy.
The mummy is almost destroyed.
The mummy hits you.
You die...

###################
...∩.........ZZM@$#
.............ZZ#$$#
.#####.......ZZ####
..............Z...#
..................#
...........##.....#
...........##.....#
..................#
..................#


You could see a mummy, a goblin zombie, 2 hobgoblin zombies, a kobold zombie, 2
orc zombies and an elf zombie.

Vanquished Creatures
  Sigmund (D:2)
  2 elf zombies (Ossuary)
  A scorpion (D:4)
  Natasha (thrice) (D:3)
  Terence (D:2)
  An orc wizard (D:3)
  A mummy (Ossuary)
  3 adders
  An adder zombie (Ossuary)
  A worm (D:3)
  A dart slug (D:1)
  2 orcs (D:3)
  4 ball pythons
  6 bats
  6 endoplasms
  2 giant cockroaches
  A gnoll zombie (Ossuary)
  3 goblins
  7 hobgoblins
  2 jackals (D:1)
  A frilled lizard (D:2)
  A kobold (D:2)
  An orc zombie (Ossuary)
  4 rats
56 creatures vanquished.

Vanquished Creatures (others)
  An orc wizard (D:3)
1 creature vanquished.

Grand Total: 57 creatures vanquished

Notes
Turn   | Place    | Note
-------+----------+-------------------------------------------
     0 | D:1      | Dittersdorf the Gargoyle Fighter began the quest for the
                  | Orb.
     0 | D:1      | Reached XP level 1. HP: 14/14 MP: 1/1
    80 | D:1      | Found Matal's Book Shoppe.
   176 | D:1      | Reached XP level 2. HP: 19/19 MP: 2/2
   754 | D:1      | Found Majaorugg's Weapon Emporium.
   758 | D:1      | Reached XP level 3. HP: 23/23 MP: 3/3
   975 | D:2      | Noticed Terence
   989 | D:2      | Killed Terence
   990 | D:2      | Reached XP level 4. HP: 9/29 MP: 4/4
  1316 | D:2      | Noticed Sigmund
  1357 | D:2      | Killed Sigmund
  1358 | D:2      | Reached XP level 5. HP: 8/34 MP: 5/5
  1358 | D:2      | Reached XP level 6. HP: 9/39 MP: 6/6
  1949 | D:3      | Found a stormy altar of Qazlal.
  1955 | D:3      | Noticed Natasha
  2018 | D:3      | Killed Natasha
  2514 | D:3      | Found a stormy altar of Qazlal.
  2524 | D:3      | Noticed Natasha
  2535 | D:3      | Killed Natasha
  2637 | D:3      | Noticed Natasha
  2649 | D:3      | Killed Natasha
  2850 | D:4      | Reached skill level 5 in Shields
  2854 | D:4      | Found a sand-covered staircase.
  2863 | Ossuary  | Entered an ossuary
  2885 | Ossuary  | Reached skill level 5 in Fighting
  2885 | Ossuary  | Reached skill level 5 in Armour
  2885 | Ossuary  | Reached XP level 7. HP: 26/44 MP: 7/7
  2900 | Ossuary  | HP: 3/66 [elf zombie (2)]
  2906 | Ossuary  | HP: 3/66 [orc zombie (1)]
  2939 | Ossuary  | HP: 2/44 [mummy (6)]
  2945 | Ossuary  | Slain by a mummy

Illustrated notes

Levels and vault maps discovered:
D:1:      lemuel_arrival_muddy, layout_basic, serial_shops,
          nicolae_shop_bloodbath_and_beyond, nicolae_shop_hallway_stairs,
          minmay_unequal
D:2:      layout_loops_ring, uniq_sigmund, uniq_terence
D:3:      layout_rooms, mainiacjoe_overflow_paths,
          hangedman_decor_diamond_cutter, uniq_natasha
D:4:      layout_basic, nicolae_overflow_hidden_temple,
          minmay_temple_entry_nine_rooms, enter_ossuary_1
Ossuary:  ossuary_minmay_tomb_2a

Skill      XL: |  1  2  3  4  5  6 |
---------------+-------------------+-----
Fighting       | 4 5 |  5.2
Maces & Flails | 3 4 |  4.2
Armour         | 4 5 |  5.2
Shields        | 4 5 |  5.2

Action                     |  1- 3 |  4- 6 |  7- 9 || total
---------------------------+-------+-------+-------++-------
  Melee: Flail             |    81 |   154 |    32 ||   267
    Use: Scroll            |       |    10 |       ||    10
         Potion            |       |       |     1 ||     1
 Armour: Scale mail        |    38 |       |       ||    38
         Chain mail        |    11 |   164 |    99 ||   274
  Dodge: Dodged            |    36 |    93 |    43 ||   172
  Block: Buckler           |    18 |    40 |    28 ||    86

Table legend: (Time is in decaauts)
 A = Elapsed time spent in this place.
 B = Non-inter-level travel time spent in this place.
 C = Inter-level travel time spent in this place.
 D = Time resting spent in this place.
 E = Time spent auto-exploring this place.
 F = Levels seen in this place.
 G = Mean time per level.
                   A        B        C        D        E       F      G
               +--------+--------+--------+--------+--------+-----+--------+
         Total |   3042 |   2908 |    134 |    237 |   1998 |   5 |  608.4 |
       Dungeon |   2937 |   2803 |    134 |    237 |   1998 |   4 |  734.2 |
       Ossuary |    105 |    105 |      0 |      0 |      0 |   1 |  105.0 |
               +--------+--------+--------+--------+--------+-----+--------+

Top non-repeatable levels by time:
     D:3: 1004 daAuts
     D:2: 977 daAuts
     D:1: 860 daAuts
 Ossuary: 105 daAuts
     D:4: 95 daAuts
